 Dungeon Crawl Stone Soup version 0.20-a0-350-ga83eecc (webtiles) character file.

42 Goblin1989 the Charlatan (level 3, -2/31 HPs)
             Began as a Deep Dwarf Artificer on Dec 23, 2016.
             Slain by a gnoll
             ... wielding a +2 flail of protection
              (7 damage)
             ... on level 2 of the Dungeon.
             The game lasted 00:02:22 (738 turns).

Goblin1989 the Charlatan (Deep Dwarf Artificer)      Turns: 738, Time: 00:02:22

Health: -2/31      AC:  5    Str: 16    XL:     3   Next: 35%
Magic:  6/7        EV: 11    Int: 11    God:
Gold:   22         SH:  0    Dex: 13    Spells: 2/2 levels left

rFire  . . .     SeeInvis .     m - +2 war axe (flame)
rCold  . . .     Gourm    .     d - +0 ring mail (curse)
rNeg   . . .     Faith    .     (no shield)
rPois  .         Spirit   .     (no helmet)
rElec  .         Reflect  .     (no cloak)
rCorr  .         Harm     .     (no gloves)
MR     .....                    (no boots)
Stlth  +.........               (no amulet)
                                (no ring)
                                (no ring)

@: non-regenerating
A: damage resistance, recharge devices, sense surroundings 1, slow regeneration
3
a: Heal Wounds


You were on level 2 of the Dungeon.
You were not hungry.

You visited 1 branch of the dungeon, and saw 2 of its levels.

You collected 22 gold pieces.

Inventory:

Hand Weapons
 m - a +2 war axe of flaming (weapon)
Armour
 d - a cursed +0 ring mail (worn)
Wands
 c - a wand of flame (15/48)
 e - a wand of random effects (15/48)
 E - a wand of enslavement (15/24)
Scrolls
 g - 3 scrolls of teleportation {unknown}
 h - a scroll of remove curse {unknown}
 j - a scroll of identify {unknown}
Potions
 b - a potion of lignification {unknown}
 i - a potion of haste {unknown}
 k - a potion of heal wounds {unknown}
Comestibles
 f - 2 bread rations {@e1}
 l - a chunk of flesh {@w0}


   Skills:
 - Level 1.1 Fighting
   Level 0.8 Short Blades
 * Level 1.2 Axes
 - Level 2.1 Dodging
 - Level 1.2 Stealth
 * Level 5.4 Evocations


You had 2 spell levels left.
You didn't know any spells.

Dungeon Overview and Level Annotations

Branches:
Dungeon (2/15)

Altars:
Xom


Innate Abilities, Weirdness & Mutations

You are resistant to damage.
You can recharge devices by infusing magical energy.
You passively map a small area around you.
You do not regenerate.


Message History

The gnoll closely misses you.
You barely miss the gnoll.
The gnoll is moderately wounded.
The gnoll completely misses you. The gnoll closely misses you.
You slash the gnoll! You burn the gnoll.
You kill the gnoll!
Your Axes skill increases to level 1!
Unknown command.
The gnoll closely misses you.
Things that are here:
a whip of electrocution; a gnoll corpse You hit the gnoll.
You burn the gnoll.
The gnoll is heavily wounded.
The gnoll hits you with a flail of protection.
You hit the gnoll but do no damage.
The gnoll is heavily wounded.
The gnoll hits you with a flail of protection!
* * * LOW HITPOINT WARNING * * *
The gnoll hits you with a flail of protection!
You die... █ █.█.█ ███.███ █ █.█. █...█ · ▓ ▓ █ █.█.█ ███.█ ·· █ █.█.█ █.█ ▓ ·█▓ █ █.█.█ █.█ ████

.█▓· ███.█.██ █.█ █.. ..██·
.......████████.█ █.██...█.
███.............████.█......
█.......███.█..@gg.†)...g..
█.............████.†.......
· █.<÷....███████ █.█.......
██.....██ ▓ █.██......
██........· ..█▓█...█. ▓


█████████ ▓ ▓████ ████ You could see a gnoll and a goblin.

Vanquished Creatures
  2 gnolls (D:2)
  2 worms (D:2)
  A dart slug (D:1)
  2 leopard geckos
  A hobgoblin (D:1)
  2 bats (D:1)
  5 kobolds (D:1)
  2 rats (D:1)
17 creatures vanquished.

Notes
Turn   | Place    | Note
-------+----------+-------------------------------------------
     0 | D:1      | Goblin1989 the Deep Dwarf Artificer began the quest for the Orb.
     0 | D:1      | Reached XP level 1. HP: 16/16 MP: 3/3
   109 | D:1      | Reached skill level 1 in Fighting
   379 | D:1      | Found a shimmering altar of Xom.
   429 | D:1      | Reached XP level 2. HP: 16/25 MP: 5/5
   715 | D:2      | Reached skill level 5 in Evocations
   723 | D:2      | Reached XP level 3. HP: 11/31 MP: 6/6
   735 | D:2      | Reached skill level 1 in Axes
   738 | D:2      | Slain by a gnoll

Vault maps used:
D:1:      matt_arrival_diagonals, xom_teletrap_fun
D:2:      first_bread, chequers_ecumenical_altar_simple_redux,
          kennysheep_generic_room_2, uniq_terence

Skill      XL: |  1  2  3 |
---------------+----------+-----
Fighting       | 1 |  1.1
Evocations     | 5 |  5.4
Axes           | 1 |  1.2
Short Blades   | |  0.8
Dodging        | |  2.1
Stealth        | |  1.2

Action                   || total
-------------------------++-------
Melee: Short sword       ||    57
       War axe           ||    14
 Stab: Sleeping          ||     1
Armor: Leather armour    ||    15
       Ring mail         ||    14
Dodge: Dodged            ||    67

Vault maps used:
D:1:      matt_arrival_diagonals, xom_teletrap_fun
D:2:      first_bread, chequers_ecumenical_altar_simple_redux,
          kennysheep_generic_room_2, uniq_terence
